Map: Lerilak Crest

Players

LilDicky

  • Race: Terran Terran
  • League: Diamond

Wolves - Winner!

  • Race: Zerg Zerg
  • League: Gold

VOD

http://www.twitch.tv/tumescentpie

Description

Time

  • Played on: Dec. 30, 2015, 9:57 p.m.
  • Length: 5:43
Show
View Real Time Build Order
Export as new Build Order

LilDicky Terran 

Build Orders:  

Get SALT Encoding   

  12  0:01  SCV  
  13  0:13  SCV  
  14  0:17  Supply Depot  
  14  0:25  SCV  
  15  0:39  SCV  
  15  0:42  Barracks  
  16  0:52  Refinery  
  16  0:53  SCV  
  17  1:05  SCV  
  18  1:17  SCV  
  19  1:29  Marine  
  19  1:30  Orbital Command  
  20  1:40  Command Center  
  20  1:47  Marine  
  21  1:56  SCV  
  21  1:57  Factory  
  22  2:08  SCV  
  22  2:09  Refinery  
  23  2:15  Supply Depot  
  23  2:22  Barracks Reactor  
  23  2:37  SCV  
  23  2:44  Barracks  
  24  2:45  Widow Mine  
  24  2:49  SCV  
  24  2:51  Barracks  
  27  2:55  Orbital Command  
  27  3:02  Marine x2  
  29  3:06  SCV  
  30  3:18  SCV, Factory Reactor  
  30  3:24  Marine  
  30  3:26  Starport  
  31  3:27  Marine  
  31  3:30  SCV  
  33  3:35  SCV  
  33  3:38  Barracks Tech Lab  
  33  3:40  Barracks Tech Lab  
  34  3:42  SCV  
  34  3:45  Marine x2  
  34  3:47  SCV  
  38  3:54  SCV  
  39  3:59  Combat Shields  
  39  4:03  Marine  
  39  4:05  Widow Mine  
  39  4:09  Medivac  
  44  4:11  SCV, Marine  
  44  4:16  Marine  
  47  4:19  Marine  
  48  4:26  SCV, Supply Depot  
  48  4:27  SCV  
  48  4:29  Marine  
  51  4:32  Marine  
  51  4:34  Marine  
  51  4:38  SCV  
  54  4:47  Supply Depot, Widow Mine  
  54  4:48  Marine x2, Medivac  
  54  4:50  Marine  
  61  5:06  Marine  
  62  5:08  Marine x3  
  65  5:24  Marine  
Show
View Real Time Build Order
Export as new Build Order

Wolves Zerg - Winner!

Build Orders: Hatch First 

Get SALT Encoding   

  12  0:01  Drone  
  13  0:12  Overlord  
  13  0:17  Drone  
  14  0:30  Drone  
  14  0:31  Drone  
  14  0:34  Drone  
  17  0:56  Hatchery  
  16  1:02  Drone  
  16  1:03  Drone  
  18  1:05  Extractor  
  18  1:07  Drone  
  18  1:22  Spawning Pool  
  17  1:25  Drone  
  18  1:34  Drone  
  19  1:57  Overlord  
  19  2:08  Queen  
  19  2:09  Metabolic Boost, Queen  
  19  2:11  Zergling x2  
  19  2:14  Zergling x2  
  25  2:19  Drone  
  25  2:22  Drone  
  27  2:25  Drone  
  28  2:43  Extractor  
  27  2:45  Lair  
  27  2:47  Queen  
  29  3:01  Evolution Chamber  
  28  3:07  Baneling Nest  
  28  3:08  Overlord, Drone  
  28  3:09  Drone  
  29  3:23  Queen  
  31  3:42  Zergling x4  
  33  3:53  Nydus Network  
  33  3:55  Zergling x2  
  33  3:58  Zergling x2  
  33  3:59  Queen  
  36  4:08  Baneling x4  
  36  4:09  Baneling  
  36  4:14  Overlord  
  36  4:18  Overseer  
  36  4:27  Overlord  
  36  4:42  Nydus Canal  
  36  4:49  Zergling x2  
  36  4:50  Zergling x6  
  40  5:06  Nydus Canal  
  36  5:10  Zergling x2  
  36  5:11  Zergling x6  
Tags
 
Add a new tag
Caveats
  • Supply blocks, unpowered buildings, or Contaminate may cause inaccurate times.
  • Supply counts are checked every 10 seconds.